 Dungeon Crawl Stone Soup version 0.31-a0-354-g827e095 (webtiles) character file.

Game seed: 8640276960964548730

372 Dawnplanks the Chopper (level 6, 0/55 HPs)
             Began as a Hill Orc Fighter on July 23, 2023.
             Splashed by a jelly's acid (8 damage)
             ... on level 4 of the Dungeon.
             The game lasted 00:05:45 (2722 turns).

Dawnplanks the Chopper (Hill Orc Fighter)           Turns: 2722, Time: 00:05:46

Health: 0/55       AC:  1    Str: 21    XL:     6   Next: 71%
Magic:  6/6        EV:  8    Int:  8    God:
Gold:   155        SH:  4    Dex: 10    Spells: 5/5 levels left

rFire   . . .        a - +0 war axe
rCold   . . .        c - +0 buckler
rNeg    . . .        g - +0 chain mail
rPois   .            (no helmet)
rElec   .            (no cloak)
rCorr   .            (no gloves)
SInv    .            (no boots)
Will    .....        (no amulet) Stlth
                     (no ring)
HPRegen 0.29/turn    (no ring)
MPRegen 0.10/turn

%: no passive effects
@: corroded
A: no striking features
a: no special abilities


You were on level 4 of the Dungeon.
You visited 1 branch of the dungeon, and saw 4 of its levels.

You collected 155 gold pieces.

Inventory:

Hand Weapons
 a - a +0 war axe (weapon)
Missiles
 k - 6 boomerangs (quivered)
Armour
 b - a +0 scale mail
 c - a +0 buckler (worn)
 g - a +0 chain mail (worn)
Wands
 q - a wand of digging (6)
Scrolls
 h - a scroll of fear {unknown}
 i - a scroll of enchant weapon {unknown}
 j - 2 scrolls of silence {unknown}
 m - a scroll of summoning {unknown}
 o - 3 scrolls of identify {unknown}
 p - a scroll of amnesia {unknown}
 s - a scroll of noise {unknown}
Potions
 d - a potion of might
 e - a potion of heal wounds {unknown}
 f - a potion of degeneration {unknown}
 l - a potion of berserk rage {unknown}
 n - a potion of curing {unknown}
 r - 2 potions of lignification {unknown}


   Skills:
 + Level 4.9 Fighting
 + Level 6.2 Axes
 + Level 4.7 Armour
 + Level 0.3 Dodging
 + Level 4.4 Shields


You had 5 spell levels left.
You didn't know any spells.
Your spell library contained the following spells:

 Spells                   Type           Power      Damage    Failure   Level
 Summon Guardian Golem    Hex/Summ       0%         N/A       100%        3
 Anguish                  Hex/Necr       0%         N/A       100%        4
 Cause Fear               Hex            0%         N/A       100%        4
 Enfeeble                 Hex            0%         N/A       100%        7
 Malign Gateway           Summ/Tloc      0%         N/A       100%        7
 Orb of Destruction       Conj           0%         9d5       100%        7
 Spellforged Servitor     Conj/Summ      0%         N/A       100%        7
 Summon Horrible Things   Summ           0%         N/A       100%        8


Dungeon Overview and Level Annotations

Branches:
Dungeon (4/15)
 Temple: D:4-7

Altars:
Kikubaaqudgha
Qazlal
Uskayaw


Message History

The orc hits you with a +0 flail!
You closely miss the orc.
The orc is heavily wounded.
The orc hits you with a +0 flail. The orc barely misses you.
You closely miss the orc.
The orc is heavily wounded.
The orc barely misses you.
You closely miss the orc.
The orc is heavily wounded.
The orc hits you with a +0 flail.
You slash the orc!
You kill the orc!
You see here a +0 flail.
A jelly comes into view.
You throw a boomerang.
The boomerang hits the jelly but does no damage.
You throw a boomerang. The boomerang hits the jelly.
The jelly is moderately wounded.
The jelly hits you. The acid corrodes you!
You are splashed with acid!
You hit the jelly but do no damage.
Your hands burn!
The jelly is moderately wounded.
The jelly hits you but does no damage.
You hit the jelly but do no damage.
Your hands burn!
The jelly is moderately wounded.
You block the jelly's attack.
You hit the jelly.
Your hands burn!
The jelly is heavily wounded.
The jelly closely misses you.
You slash the jelly!
Your hands burn!
The jelly is severely wounded.
You block the jelly's attack. The jelly hits you. The acid corrodes you!
You are splashed with acid!
* * * LOW HITPOINT WARNING * * *
You hit the jelly.
Your hands burn!
* * * LOW HITPOINT WARNING * * *
The jelly is almost dead.
The jelly hits you.
* * * LOW HITPOINT WARNING * * *
The acid corrodes you!
You are splashed with acid!
You die...

............#
...####'###+#
...##...##..#####
#..##...#.....<..
#####...#..(... +
#..)##...##+## #
##...##...##..#####.#
#
+...)†..)..).........
#
#.......>....@J......
#
##..###+##########..#
## #..# .# .....
.#....:. .#......
##... # #


You could see a jelly.

Vanquished Creatures
  Eustachio (D:4)
  2 scorpions (D:4)
  Robin (D:3)
  3 adders (D:3)
  3 dart slugs
  6 orcs
  9 endoplasms
  3 giant cockroaches
  11 goblins
  13 hobgoblins
  2 jackals (D:1)
  5 ball pythons
  2 bats (D:1)
  3 frilled lizards
  8 kobolds
  7 rats
79 creatures vanquished.

Notes
Turn   | Place    | Note
-------+----------+-------------------------------------------
     0 | D:1      | Dawnplanks the Hill Orc Fighter began the quest for the
                  | Orb.
     0 | D:1      | Reached XP level 1. HP: 19/19 MP: 1/1
   100 | D:1      | Reached XP level 2. HP: 26/27 MP: 2/2
   362 | D:1      | Reached skill level 3 in Axes
   463 | D:1      | Reached XP level 3. HP: 33/33 MP: 3/3
  1353 | D:3      | Noticed a floating eye
  1356 | D:3      | Found a faded altar of an unknown god.
  1358 | D:3      | Noticed an eye of devastation
  1359 | D:3      | Noticed a great orb of eyes
  1359 | D:3      | Noticed a shining eye
  1519 | D:3      | Noticed Robin
  1525 | D:3      | Reached XP level 4. HP: 40/40 MP: 4/4
  1535 | D:3      | Reached skill level 4 in Axes
  1536 | D:3      | Killed Robin
  1961 | D:3      | Found a stormy altar of Qazlal.
  1962 | D:3      | Found an ancient bone altar of Kikubaaqudgha.
  2047 | D:3      | Found a hide-covered altar of Uskayaw.
  2114 | D:3      | Reached XP level 5. HP: 39/47 MP: 5/5
  2484 | D:4      | Noticed Eustachio
  2497 | D:4      | Killed Eustachio
  2498 | D:4      | Reached skill level 5 in Axes
  2498 | D:4      | Reached XP level 6. HP: 35/55 MP: 6/6
  2654 | D:4      | Reached skill level 6 in Axes
  2722 | D:4      | Splashed by a jelly's acid

Illustrated notes

Levels and vault maps discovered:
D:1:      wander_arrival_abandoned_jail, layout_basic
D:2:      layout_basic
D:3:      layout_loops_corners, mainiacjoe_overflow_divided_tiny,
          nicolae_uskayaw_suspiria, hellmonk_ecumenical_altar_watching_god,
          uniq_robin
D:4:      layout_gridville, uniq_eustachio, uniq_blork_the_orc

Skill      XL: |  1  2  3  4  5  6 |
---------------+-------------------+-----
Axes           | 3 4 5 6 |  6.2
Fighting       | 4 |  4.9
Armour         | 4 |  4.7
Shields        | 4 |  4.4
Dodging        | |  0.3

Action                     |  1- 3 |  4- 6 || total
---------------------------+-------+-------++-------
  Melee: War axe           |    93 |   123 ||   216
  Throw: Boomerang         |       |     2 ||     2
    Use: Potion            |       |     1 ||     1
 Armour: Scale mail        |    21 |       ||    21
         Chain mail        |    24 |    58 ||    82
  Dodge: Dodged            |    35 |    39 ||    74
  Block: Buckler           |    14 |    29 ||    43

Table legend: (Time is in decaauts)
 A = Elapsed time spent in this place.
 B = Non-inter-level travel time spent in this place.
 C = Inter-level travel time spent in this place.
 D = Time resting spent in this place.
 E = Time spent auto-exploring this place.
 F = Levels seen in this place.
 G = Mean time per level.
                   A        B        C        D        E       F      G
               +--------+--------+--------+--------+--------+-----+--------+
         Total |   2794 |   2716 |     78 |      0 |   2196 |   4 |  698.5 |
       Dungeon |   2794 |   2716 |     78 |      0 |   2196 |   4 |  698.5 |
               +--------+--------+--------+--------+--------+-----+--------+

Top non-repeatable levels by time:
     D:3: 1094 daAuts
     D:1: 683 daAuts
     D:2: 653 daAuts
     D:4: 362 daAuts
